 Dungeon Crawl Stone Soup version 0.18-a0-1121-gb454403 (webtiles) character file.

324 ater218 the Poker (level 6, 0/53 HPs)
             Began as a Hill Orc Berserker on Jan 18, 2016.
             Was a Priest of Trog.
             Slain by an orc
             ... wielding a +0 whip
              (2 damage)
             ... on level 3 of the Dungeon.
             The game lasted 00:08:32 (2491 turns).

ater218 the Poker (Hill Orc Berserker)              Turns: 2491, Time: 00:08:32

Health: 0/53       AC:  6    Str: 22    XL:     6   Next: 48%
Magic:  6/6        EV: 11    Int:  7    God:    Trog [***...]
Gold:   90         SH:  0    Dex: 10    Spells: 0 memorised, 5 levels left

rFire  . . .     SeeInvis .     d - +0 scythe
rCold  . . .     Gourm    .     k - +0 scale mail
rNeg   . . .     Faith    .     (shield currently unavailable)
rPois  .         Spirit   .     (no helmet)
rElec  .         Dismiss  .     (no cloak)
rCorr  .         Reflect  .     (no gloves)
SustAt .         Harm     .     (no boots)
MR     .....     Rnd*Tele +     (no amulet)
Stlth  ..........               (no ring)
                                a - ring of teleportation (curse)

@: not resistant to hostile enchantments, extremely unstealthy
A: no striking features
a: Berserk, Trog's Hand, Burn Spellbooks, Renounce Religion


You were on level 3 of the Dungeon.
You worshipped Trog.
Trog was most pleased with you.
You were not hungry.

You visited 1 branch of the dungeon, and saw 3 of its levels.

You collected 90 gold pieces.

Inventory:

Hand Weapons
 d - a +0 scythe (weapon)
Armour
 k - a +0 scale mail (worn)
Jewellery
 a - a cursed ring of teleportation (left hand)
Wands
 f - a wand of frost (27/48)
Scrolls
 i - 2 scrolls of fog
Comestibles
 c - a bread ration
 g - a meat ration
 j - 6 fruits


   Skills:
 + Level 4.6 Fighting
 + Level 5.2 Polearms
 + Level 3.1 Armour
 + Level 3.5 Dodging
 + Level 0.5 Stealth


You had 5 spell levels left.
You didn't know any spells.

Dungeon Overview and Level Annotations

Branches:
Dungeon (3/15)

Altars:


Message History

You are too injured to fight recklessly!
You are too injured to fight recklessly!
You are too injured to fight recklessly!
You are too injured to fight recklessly!
You are too injured to fight recklessly!
You are too injured to fight recklessly!
You slice the orc!!
You kill the orc!
Trog accepts your kill. The hobgoblin hits you with a war axe!
* * * LOW HITPOINT WARNING * * *
You slice the hobgoblin!!
You kill the hobgoblin!
Trog accepts your kill. The orc hits you but does no damage.
You barely miss the orc. The orc barely misses you. The orc closely misses you.
You barely miss the orc. The orc hits you with a whip.
* * * LOW HITPOINT WARNING * * *
The orc hits you with a whip.
You die...

..# ##.l## #.... ....
. #..# # ...####..
.####
........########....?.
#.>..)...@ol%#
#.#########.## #.# #
#######.# #.......####
#..........###
#.######..)).#
#####...))####.#
..........<....#


You could see an orc and a giant newt.

Vanquished Creatures
  Sigmund (D:2)
  An orc priest (D:3)
  An orc wizard (D:3)
  An adder (D:3)
  An ooze (D:2)
  A worm (D:2)
  2 giant geckos (D:1)
  9 orcs (D:3)
  2 giant cockroaches (D:2)
  9 goblins
  10 hobgoblins
  3 jackals (D:1)
  10 kobolds
  6 bats
  4 giant newts
  10 rats
71 creatures vanquished.

Notes
Turn   | Place    | Note
--------------------------------------------------------------
     0 | D:1      | ater218 the Hill Orc Berserker began the quest for the Orb.
     0 | D:1      | Reached XP level 1. HP: 19/19 MP: 1/1
   485 | D:1      | Reached XP level 2. HP: 14/27 MP: 2/2
  1010 | D:1      | Reached XP level 3. HP: 33/33 MP: 3/3
  1185 | D:1      | Reached skill level 4 in Polearms
  1632 | D:2      | Reached ** piety under Trog
  1917 | D:2      | Noticed Sigmund
  1927 | D:2      | Killed Sigmund
  1927 | D:2      | Reached XP level 4. HP: 41/41 MP: 4/4
  1927 | D:2      | Reached XP level 5. HP: 47/47 MP: 5/5
  1927 | D:2      | Reached XP level 6. HP: 53/53 MP: 6/6
  2142 | D:3      | Reached skill level 5 in Polearms
  2474 | D:3      | Reached *** piety under Trog
  2491 | D:3      | HP: 2/53 [orc/whip (2)]
  2491 | D:3      | Slain by an orc

Vault maps used:
D:1:      minmay_arrival_cross
D:2:      minmay_misc_feat_hallway, minmay_goblin_kobold_house, uniq_sigmund
D:3:      nemelex_xobeh_ov_fountains_minmay, ecumenical_altar_2, first_bread

Action                   |  1- 3 |  4- 6 || total
-------------------------+-------+-------++-------
Melee: Spear             |   188 |       ||   188
       Scythe            |       |    88 ||    88
Invok: Berserk           |     1 |     1 ||     2
       Trog's Hand       |     1 |     1 ||     2
  Use: Scroll            |     5 |     2 ||     7
       Potion            |     4 |     1 ||     5
  Eat: Chunk             |     3 |     4 ||     7
       Fruit             |       |     1 ||     1
